 Dungeon Crawl Stone Soup version 0.15.1-3-g1b33baa (webtiles) character file.

62 Johnny the Chiller (level 3, -1/28 HPs)
             Began as a Demigod Ice Elementalist on Oct 11, 2014.
             Slain by Crazy Yiuf
             ... wielding a +3 quarterstaff of chaos
              (11 damage)
             ... on Level 2 of the Dungeon.
             The game lasted 00:02:52 (1633 turns).

Johnny the Chiller (Demigod Ice Elementalist)       Turns: 1633, Time: 00:02:52

HP  -1/28        AC  5     Str 11      XL: 3   Next: 60%
MP   4/8         EV  9     Int 21      God:
Gold 111         SH  0     Dex 16      Spells:  1 memorised,  5 levels left

rFire  . . .     SeeInvis .     h - +0 dagger
rCold  . . .     Clarity  .     o - +0 ring mail
rNeg   . . .     rCorr    .     (no shield)
rPois  .         rRot     .     (no helmet)
rElec  .         Spirit   .     (no cloak)
SustAb .         Warding  .     (no gloves)
rMut   .         Stasis   .     (no boots)
Gourm  .                        (no amulet)
MR     .....                    (no ring)
                                (no ring)

@: lethally poisoned, drained, not resistant to hostile enchantments, very
unstealthy
A: no striking features
a: no special abilities


You were on level 2 of the Dungeon.
You were not hungry.

You visited 1 branch of the dungeon, and saw 2 of its levels.

You collected 111 gold pieces.

Inventory:

Hand weapons
 h - a +0 dagger (weapon)
Armour
 o - a +0 ring mail (worn)
Comestibles
 c - 2 bread rations
 f - 4 fruits
 i - a slice of pizza
 k - 2 meat rations
 p - a rotting chunk of adder flesh
Scrolls
 a - 2 scrolls of identify {unknown}
 g - a scroll of immolation {unknown}
 j - a scroll of remove curse {unknown}
 l - 2 scrolls of recharging {unknown}
 m - a scroll of blinking {unknown}
Potions
 d - a potion of haste {unknown}
 n - 2 potions of brilliance {unknown}
Books
 b - a book of Frost

   Spells                             Type                      Level
   *Freeze                            Ice                          1
   Throw Frost                        Conjuration/Ice              2
   Ozocubu's Armour                   Charms/Ice                   3
   Throw Icicle                       Conjuration/Ice              4
   Summon Ice Beast                   Ice/Summoning                4
   Condensation Shield                Ice                          4


   Skills:
 * Level 1.2(0.9) Fighting
 + Level 0.0 Armour
 + Level 2.2(1.9) Dodging
 + Level 2.1(1.8) Stealth
 * Level 2.3(1.9) Spellcasting
   Level 0.8(0.5) Conjurations
 * Level 3.1(2.8) Ice Magic


You had 5 spell levels left.
You knew the following spells:

 Your Spells              Type           Power        Failure   Level  Hunger
a - Freeze                Ice            ##..         10%         1    #......


Dungeon Overview and Level Annotations

Branches:
Dungeon (2/15)

Annotations:
D:2 Crazy Yiuf


Message History

Crazy Yiuf hits you but does no damage.
Casting: Freeze
Confirm with . or Enter, or press ? or * to list all spells.
Aiming: Freeze
Press: ? - help, Shift-Dir - straight line, f/p - Crazy Yiuf
Aim: Crazy Yiuf, wielding a quarterstaff of chaos and wearing a cloak (lightly wounded)
You freeze Crazy Yiuf.
Crazy Yiuf is heavily wounded.
Crazy Yiuf hits you with a quarterstaff of chaos.
You are lethally poisoned!
Casting: Freeze
Confirm with . or Enter, or press ? or * to list all spells.
Aiming: Freeze
Press: ? - help, Shift-Dir - straight line, f/p - Crazy Yiuf
Aim: Crazy Yiuf, wielding a quarterstaff of chaos and wearing a cloak (heavily wounded)
You freeze Crazy Yiuf.
Crazy Yiuf is heavily wounded.
You feel sick.
Crazy Yiuf hits you with a quarterstaff of chaos!
You die...

.............%..........
.####....###..#.#..##.##
#....# #............
♣P.P.♣ #..#.##.#.###
♣♣...♣ ##.#......[..
♣♣.♣♣ #..#....##### ♣♣.♣
#####........ ♣.♣♣
#.......##### ♣@♣
##.##...# ♣g♣♣ #.##...#
#. #.###.## .. #.# #.#
#.. #.# #.# #). ##.# #.#
### #..# #.# #### #.#
#.#


You could see Crazy Yiuf.

Vanquished Creatures
  4 adders (D:2)
  A worm (D:2)
  A bat (D:2)
  4 hobgoblins
  A giant gecko (D:2)
  3 giant newts
  2 goblins
  4 kobolds
  A rat (D:2)
21 creatures vanquished.

Notes
Turn   | Place    | Note
--------------------------------------------------------------
     0 | D:1      | Johnny, the Demigod Ice Elementalist, began the quest for the Orb.
     0 | D:1      | Reached XP level 1. HP: 14/14 MP: 3/3
  1100 | D:2      | Reached skill level 3 in Ice Magic
  1100 | D:2      | Reached XP level 2. HP: 17/22 MP: 2/5
  1201 | D:2      | Found an ancient bone altar of Kikubaaqudgha.
  1258 | D:2      | Reached skill level 1 in Fighting
  1258 | D:2      | Reached XP level 3. HP: 25/28 MP: 0/8
  1625 | D:2      | Noticed Crazy Yiuf
  1633 | D:2      | Slain by Crazy Yiuf

Action                   || total
-------------------------++-------
Melee: Unarmed           ||     5
       Dagger            ||    11
 Cast: Freeze            ||    41
  Eat: Chunk             ||     2
